 Dungeon Crawl Stone Soup version 0.28-a0-1415-g7c84da036a (webtiles) character file.

Game seed: 3715659610838260855

113 backslashecho the Chopper (level 4, -2/41 HPs)
             Began as a Minotaur Cinder Acolyte on Jan 8, 2022.
             Was a High Priest of Ignis.
             Slain by an orc warrior (17 damage)
             ... on level 3 of the Dungeon.
             The game lasted 00:03:50 (2978 turns).

backslashecho the Chopper (Minotaur Cinder Acolyte) Turns: 2978, Time: 00:03:51

Health: -2/41      AC:  8    Str: 20    XL:     4   Next: 65%
Magic:  4/4        EV:  9    Int: 11    God:    Ignis [*****.]
Gold:   137        SH:  0    Dex:  6    Spells: 5/5 levels left

rFire   + . .      SeeInvis .   a - -1 hand axe (flame)
rCold   . . .      Faith    .   (no shield)
rNeg    . . .      Spirit   .   c - +0 scale mail
rPois   .          Reflect  .   h - +2 hat
rElec   .          Harm     .   (no cloak)
rCorr   .          Rampage  .   (no gloves)
Will    .....                   (no boots)
Stlth   ..........              (no amulet)
HPRegen 0.13/turn               (no ring)
MPRegen 0.09/turn               (no ring)

@: no status effects
A: horns 2, retaliatory headbutt
a: Renounce Religion, Fiery Armour, Foxfire Swarm, Rising Flame


You were on level 3 of the Dungeon.
You worshipped Ignis.
Ignis was extremely pleased with you.
You visited 1 branch of the dungeon, and saw 4 of its levels.

You collected 137 gold pieces.

Inventory:

Hand Weapons
 a - a -1 hand axe of flaming (weapon)
Missiles
 k - 12 poisoned darts (quivered)
Armour
 c - a +0 scale mail (worn)
 h - a +2 hat (worn)
Scrolls
 b - a scroll of enchant armour {unknown}
 f - 2 scrolls of teleportation {unknown}
 l - 2 scrolls of blinking {unknown}
 m - 2 scrolls of summoning {unknown}
 o - a scroll of identify
Potions
 d - 2 potions of might
 e - a potion of berserk rage
 g - a potion of attraction
 i - 3 potions of lignification {unknown}
 j - a potion of mutation {unknown}
 n - a potion of curing {unknown}


   Skills:
 + Level 4.7 Fighting
 * Level 5.6 Axes
 - Level 1.0 Unarmed Combat
 - Level 1.0 Spellcasting
 - Level 2.1 Fire Magic


You had 5 spell levels left.
You didn't know any spells.
Your spell library contained the following spells:

 Spells                   Type           Power      Damage    Failure   Level
 Scorch                   Fire           10%        2d6       52%         2
 Shock                    Conj/Air       0%         1d3       67%         1


Dungeon Overview and Level Annotations

Branches:
Dungeon (4/15)
 Temple: D:4-7

Altars:


Innate Abilities, Weirdness & Mutations

You have a pair of horns on your head.
You reflexively headbutt those who attack you in melee.


Message History

There is a stone staircase leading up here.
You climb upwards.
There is a stone staircase leading down here.
There is an escape hatch in the floor here.
There is a stone staircase leading down here.
You climb downwards.
There is a stone staircase leading up here.
An orc comes into view. It is wielding a +0 club.
The orc shouts!
You hear a shout! x2
An orc warrior comes into view. It is wielding a +0 halberd.
An orc comes into view. It is wielding a +0 trident.
You hit the orc. You burn the orc.
The orc is moderately wounded.
The orc hits you with a +0 club.
You take 2 damage, and have 39/41 hp.
You hit the orc but do no damage.
The orc is moderately wounded.
The orc hits you but does no damage.
Health restored: 41
There is a stone staircase leading up here.
You climb upwards.
There is a stone staircase leading down here.
You climb downwards.
The orc warrior closely misses you. The orc warrior barely misses you.
There is a stone staircase leading up here.
The orc warrior hits you with a +0 halberd!
You climb upwards.
There is a stone staircase leading down here.
You take 14 damage, and have 27/41 hp.
MASSIVE DAMAGE!!
You closely miss the orc warrior. Your headbutt misses the orc warrior.
The orc warrior hits you with a +0 halberd!
You take 7 damage, and have 20/41 hp.
You barely miss the orc warrior.
You headbutt the orc warrior, but do no damage.
The orc warrior hits you with a +0 halberd.
You take 5 damage, and have 15/41 hp.
You hit the orc warrior. You burn the orc warrior.
The orc warrior is lightly wounded.
The orc warrior hits you with a +0 halberd!
You die...

#..##.#≈#≈≈###≈##.#
#>.##.#≈#≈#≈≈≈≈#...
#.....#≈#≈#≈≈≈≈#...
#.###.##≈≈#≈#≈##...
#.....#≈≈≈###≈#....
##..####≈###.###....
#..## #≈#.#........
##.## ###....<.....
#o@####............
#....##............
#.##..#............
#..##.###..........
##.................
####.#............
#...##(........
##<............
#.#...#####..#


You could see an orc warrior.

Vanquished Creatures
  2 iguanas (D:3)
  2 adders (D:2)
  A dart slug (D:1)
  An orc (D:3)
  5 ball pythons
  3 endoplasms
  2 giant cockroaches (D:1)
  2 goblins (D:1)
  5 hobgoblins
  4 kobolds
  5 quokkas
  3 bats
  4 frilled lizards
  A rat (D:1)
40 creatures vanquished.

Notes
Turn   | Place    | Note
-------+----------+-------------------------------------------
     0 | D:1      | backslashecho the Minotaur Cinder Acolyte began the quest
                  | for the Orb.
     0 | D:1      | Reached XP level 1. HP: 19/19 MP: 1/1
    46 | D:1      | Reached skill level 4 in Axes
    52 | D:1      | Reached XP level 2. HP: 13/27 MP: 2/2
   350 | D:1      | Reached skill level 1 in Unarmed Combat
   886 | D:1      | Reached XP level 3. HP: 33/33 MP: 3/3
  1627 | D:2      | Found a faded altar of an unknown god.
  1633 | D:2      | Got Plato's Compendium of Feathers
  1654 | D:2      | Reached skill level 5 in Axes
  1892 | D:3      | Reached XP level 4. HP: 7/41 MP: 4/4
  2836 | D:4      | Noticed an ogre
  2948 | D:4      | Noticed an orc warrior
  2978 | D:3      | Slain by an orc warrior

Illustrated notes

Levels and vault maps discovered:
D:1:      minmay_arrival_split_and_join, layout_basic, minmay_hexomino_c4
D:2:      layout_rooms, shapermc_ecumenical_altar_rom_forum,
          minmay_stone_trees_medium
D:3:      layout_rooms, chequers_serial_rivers_large_b
D:4:      layout_basic, minmay_temple_entry_stoned_glass

Skill      XL: |  1  2  3 |
---------------+----------+-----
Axes           | 4 5 |  5.6
Unarmed Combat | 1 |  1.0
Fighting       | 4 |  4.7
Spellcasting   | |  1.0
Fire Magic     | |  2.1

Action                   |  1- 3 |  4- 6 || total
-------------------------+-------+-------++-------
Melee: Hand axe          |    80 |    20 ||   100
       Headbutt          |     6 |     1 ||     7
       Punch             |     1 |       ||     1
  Use: Scroll            |     3 |       ||     3
Armor: Robe              |     4 |       ||     4
       Scale mail        |    35 |     4 ||    39
Dodge: Dodged            |    44 |     8 ||    52

Table legend: (Time is in decaauts)
 A = Elapsed time spent in this place.
 B = Non-inter-level travel time spent in this place.
 C = Inter-level travel time spent in this place.
 D = Time resting spent in this place.
 E = Time spent auto-exploring this place.
 F = Levels seen in this place.
 G = Mean time per level.
                   A        B        C        D        E       F      G
               +--------+--------+--------+--------+--------+-----+--------+
         Total |   3016 |   2789 |    227 |    435 |   1875 |   4 |  754.0 |
       Dungeon |   3016 |   2789 |    227 |    435 |   1875 |   4 |  754.0 |
               +--------+--------+--------+--------+--------+-----+--------+

Top non-repeatable levels by time:
     D:1: 1296 daAuts
     D:2: 776 daAuts
     D:3: 756 daAuts
     D:4: 186 daAuts
